 Dungeon Crawl Stone Soup version 0.18.1-8-gdd0e5ea (webtiles) character file.

1583753 Shtopit the Swordmaster (level 27, 184/204 HPs)
             Began as a Demonspawn Berserker on May 27, 2016.
             Was a High Priest of Trog.
             Escaped with the Orb
             ... and 3 runes on May 28, 2016!
             The game lasted 08:13:01 (98425 turns).

Shtopit the Swordmaster (Demonspawn Berserker)     Turns: 98425, Time: 08:13:02

Health: 184/204    AC: 38    Str: 40    XL:     27
Magic:  25/27      EV: 27    Int: 14    God:    Trog [*****.]
Gold:   8356       SH: 42    Dex: 29    Spells: 0 memorised, 26 levels left

rFire  . . .     SeeInvis +     X - +6 scimitar "Viqajub" {slice, rElec Str+3 Dex+6}
rCold  + + +     Gourm    .     i - +14 plate armour of Fortification {+Inv rElec Str+7}
rNeg   + . .     Faith    .     T - +8 large shield
rPois  +         Spirit   .     Q - +2 helmet of the Vestibule of Hell {Str+2}
rElec  +         Dismiss  .     N - +4 dragonskin cloak
rCorr  .         Reflect  +     f - +1 pair of gloves {Dex+3}
SustAt .         Harm     .     (boots unavailable)
MR     ++...     Clarity  +     R - +4 amulet of reflection
Stlth  ..........               a - ring of Ryhaatuo {rElec rPois rC+ MP-9 Stlth+}
                                s - ring "Nederuly" {rElec Str+3 Dex+3 SInv}

@: very slightly contaminated, repel missiles, very resistant to hostile
enchantments, extremely unstealthy
A: talons 3, repulsion field 3, clarity, clever 2, cold resistance 1, deformed
body, demonic guardian 3, frail 1, foul stench 2, passive freeze, screaming 1,
rot immunity, freezing cloud immunity, subdued magic 1, MP-powered wands, sturdy
frame 1
a: Berserk, Trog's Hand, Brothers in Arms, Burn Spellbooks, Renounce Religion,
Evoke Invisibility
0: Orb of Zot
}: 3/15 runes: serpentine, barnacled, silver


You escaped.
You worshipped Trog.
Trog was extremely pleased with you.
You were not hungry.

You visited 12 branches of the dungeon, and saw 56 of its levels.
You visited the Abyss 2 times.
You visited 1 bazaar.
You visited 1 ziggurat, and saw 5 of its levels.
You also visited: Sewer, Ice Cave and Volcano.

You collected 9725 gold pieces.
You spent 1369 gold pieces at shops.

Inventory:

Hand Weapons
 e - a +5 greatsling of freezing
 g - a +0 demon blade of flaming
 v - a +9 demon blade of draining
 F - a +3 double sword of venom
 M - the +5 greatsling "Uwke" {velocity, rF+}
   (You found it on level 4 of a ziggurat)

   Any stone fired from it inflicts extra damage.
   It protects you from fire.
 X - the +6 scimitar "Viqajub" (weapon) {slice, rElec Str+3 Dex+6}
   (You found it on level 3 of a ziggurat)

   It inflicts extra damage upon your enemies.
   It affects your strength (+3).
   It affects your dexterity (+6).
   It insulates you from electricity.
 Z - a +5 antimagic scimitar
Missiles
 y - 736 sling bullets
Armour
 f - a +1 pair of gloves of dexterity (worn)
 i - the +14 plate armour of Fortification (worn) {+Inv rElec Str+7}
   (You found it on level 5 of the Vaults)

   It affects your strength (+7).
   It insulates you from electricity.
   It lets you turn invisible.
 N - the +4 dragonskin cloak (worn)
   (You took it off Tiamat on level 3 of the Realm of Zot)
 Q - the +2 helmet of the Vestibule of Hell (worn) {Str+2}
   (You found it on level 5 of a ziggurat)

   It affects your strength (+2).
 T - a +8 large shield (worn)
Rods
 W - a +2 rod of shadows (10/10)
   (You took it off a guardian mummy on level 1 of the Realm of Zot)
Jewellery
 a - the ring of Ryhaatuo (right hand) {rElec rPois rC+ MP-9 Stlth+}
   (You bought it in a shop on level 8 of the Dungeon)

   [ring of stealth]

   It protects you from cold.
   It insulates you from electricity.
   It protects you from poison.
   It affects your magic capacity (-9).
   It makes you more stealthy.
 s - the ring "Nederuly" (left hand) {rElec Str+3 Dex+3 SInv}
   (You found it on level 3 of the Elven Halls)

   [ring of strength]

   It affects your strength (+3).
   It affects your dexterity (+3).
   It insulates you from electricity.
   It lets you see invisible.
 u - an uncursed ring of protection from fire
 z - an uncursed ring of sustain attributes
 E - an uncursed ring of flight
 P - an uncursed ring of positive energy
 R - a +4 amulet of reflection (around neck)
Wands
 h - a wand of teleportation (4/9)
 r - a wand of disintegration (1/24)
 t - a wand of teleportation (6/9)
 D - a wand of teleportation (6/9)
 G - a wand of hasting (6/9)
Scrolls
 c - a scroll of summoning
 j - 27 scrolls of remove curse
 m - 8 scrolls of recharging
 p - 7 scrolls of teleportation
 w - 2 scrolls of silence
 A - 8 scrolls of fog
 B - 3 scrolls of magic mapping
 S - 8 scrolls of fear
 V - 16 scrolls of identify
Potions
 d - 30 potions of curing
 k - 3 potions of cancellation
 l - 3 potions of heal wounds
 o - 9 potions of cure mutation
 q - 7 potions of agility
 H - 4 potions of might
 I - 11 potions of flight
 J - 8 potions of haste
 K - 4 potions of brilliance
 O - 3 potions of resistance
 U - a potion of magic
 Y - 5 potions of invisibility
Miscellaneous
 x - a lamp of fire
 C - a legendary deck of defence {the Banshee}
 L - a disc of storms
Comestibles
 n - 33 meat rations


   Skills:
 * Level 20.9 Fighting
 O Level 27 Long Blades
 + Level 2.3(2.6) Slings
 + Level 1.7(2.3) Throwing
 * Level 15.7 Armour
 + Level 13.0 Dodging
 - Level 25.0 Shields
 + Level 1.3 Unarmed Combat
 * Level 18.0 Evocations


You had 26 spell levels left.
You didn't know any spells.

Dungeon Overview and Level Annotations

Branches:
Dungeon (15/15)            Temple (1/1) D:4            Lair (8/8) D:11
 Shoals (4/4) Lair:3        Snake (4/4) Lair:3        Slime (0/6) Lair:6
    Orc (2/2) D:12            Elf (3/3) Orc:2        Vaults (5/5) D:14
  Crypt (3/3) Vaults:2       Tomb (1/3) Crypt:3      Depths (5/5) D:15
    Zot (5/5) Depths:5

Altars:
Ashenzari
Cheibriados
Dithmenos
Kikubaaqudgha
Nemelex Xobeh
Pakellas
Qazlal
Ru
Trog
Xom
Yredelemnul
The Shining One
Beogh
Jiyva

Shops:
D:6 =   D:7 (?(   D:8 %=(!   Orc:1 [(   Orc:2 [[(}   Elf:3 [   Shoals:3 ?(
Vaults:2 [(   Vaults:4 %

Portals:
Hell: Depths:1 Depths:2 Depths:3 Depths:4 Depths:5
Abyss: Depths:2 Depths:4
Pandemonium: Depths:3

Annotations:
Lair:8 1 runed door
Elf:2 1 runed door


Innate Abilities, Weirdness & Mutations

You have claws for feet.
You are surrounded by a strong repulsion field (EV +4, rMsl).
Your flesh is cold resistant.
A powerful demonic guardian rushes to your aid.
You frequently emit foul miasma when damaged in melee.
A frigid envelope surrounds you and freezes all who hurt you.
You are immune to rotting.
You are immune to freezing clouds.
You possess an exceptional clarity of mind.
Your mind is very acute. (Int +4)
Armour fits poorly on your strangely shaped body.
You are frail (-10% HP).
You occasionally shout uncontrollably at your foes.
Your spells are a little easier to cast, but a little less powerful.
You expend magic power (3 MP) to strengthen your wands.
Your movements are slightly less encumbered by armour (ER -2).


Message History

An Ice Fiend comes into view.
You block the bat's attack. You block the jackal's attack.
You block the bat's attack.
The orange demon stings you but does no damage.
You block the bat's attack. The Ice Fiend gestures at you.
The bolt of cold hits you! You resist.
You enter the shallow water.
Moving in this stuff is going to be slow.
The Ice Fiend gestures at you. The bolt of cold hits you! You resist.
The bolt of cold hits the jackal.
The jackal dies!
You block the Ice Fiend's attack. x2
You block the Ice Fiend's attack. x2
A soul eater comes into view.
You block the Ice Fiend's attack. x2
You see here 21 stones.
There is a staircase leading out of the dungeon here.
You block the Ice Fiend's attack. The Ice Fiend misses you.
You have escaped!

#######.#.## #.##...##..#
#.......#.# #.##...##.#.
#.#####.#.# ##..#...##.#.
#...#########..........#.
#..##≈≈≈≈≈≈≈##h.....####.
#.##≈≈≈)P.≈≈≈†#..........
###≈≈P..8..P4≈##.#.......
#≈≈≈3......≈≈≈#.##......
#≈P.8..@148.P≈#.##..####
#≈≈≈.......≈≈≈#....(# #
###≈≈P..8..P≈≈####.#.# #
#.##≈≈≈.P.≈≈≈##.##.#.####
#..##≈≈≈.≈≈≈##..#........
#...###8'8###...#..#(###.
#.### #............#.().#
#.# #.....######.#)#.#.
#.# #.....# #.#.#.#.


You could see an Ice Fiend, a soul eater, an orange demon, an ice devil and a
jackal.

Vanquished Creatures
  Tiamat (Zot:3)
  4 orbs of fire
  2 juggernauts (Depths:5)
  9 ancient liches
  A greater mummy (Tomb:1)
  Boris (Tomb:1)
  Margery (Depths:3)
  The ghost of Shtopit the Demonic Blade, a veteran DsBe of Trog (Tomb:1)
  7 Killer Klowns
  Vashnia (Snake:2)
  2 caustic shrikes (Depths:5)
  4 curse toes
  11 golden dragons
  Jory (Crypt:3)
  Norris (D:14)
  Nikola (Snake:3)
  the Enchantress (Depths:4)
  Jorgrun (Shoals:4)
  2 bone dragons (Crypt:3)
  3 electric golems
  27 tentacled monstrosities
  11 liches
  23 Orb Guardians
  3 quicksilver dragons
  2 krakens (Shoals:4)
  2 deep elf master archers (Elf:3)
  2 deep elf blademasters
  6 titans
  7 death cobs
  An Executioner (D:2)
  8 ancient champions
  2 tentacled starspawn
  11 sphinxes
  9 shadow dragons
  The ghost of Loading the Bludgeoner, an adept MiBe of Trog (Shoals:4)
  3 revenants (Crypt:3)
  23 storm dragons
  A daeva (Depths:3)
  7 greater nagas
  7 tengu reavers
  11 fire giants
  7 draconian monks
  Wiglaf (Vaults:4)
  Ilsuiw (Shoals:4)
  Maud (D:10)
  9 deep elf sorcerers
  3 ghost moths
  3 draconian knights
  An emperor scorpion (D:15)
  8 frost giants
  9 draconian zealots
  18 vault wardens
  6 draconian scorchers
  A cacodemon (Abyss:5)
  4 iron dragons
  A ghost moth (shapeshifter) (Depths:2)
  5 draconian shifters
  An orc warlord (Orc:1)
  Louise (Depths:4)
  10 draconian annihilators
  2 curse skulls
  A caustic shrike skeleton (Depths:3)
  12 ironheart preservers
  A reaper (Crypt:3)
  7 deep elf elementalists
  7 spriggan defenders
  13 ghouls
  2 war gargoyles (Vaults:5)
  3 draconian callers
  36 very ugly things
  24 stone giants
  9 vampire knights
  10 mottled draconians
  5 green draconians
  7 deep elf annihilators
  5 deep elf demonologists
  8 black draconians
  A lorocyproca (Abyss:2)
  2 salamander stormcallers
  6 yellow draconians
  A dire elephant (D:15)
  10 white draconians
  13 red draconians
  6 spark wasps
  4 eidola
  2 blizzard demons (IceCv)
  Snorg (D:11)
  The ghost of ReniFell the Cleaver, a journeyman MiFi of Okawaru (D:13)
  12 deep elf death magi
  12 ettins
  8 purple draconians
  A merfolk javelineer (Shoals:4)
  23 vault guards
  9 fire dragons
  2 great orbs of eyes (shapeshifter) (Depths:5)
  2 mummy priests
  8 merfolk impalers
  9 deep elf high priests
  Erolcha (Orc:1)
  Fannar (D:12)
  17 yaktaur captains
  5 jiangshi
  15 ogre magi
  Harold (Orc:1)
  10 great orbs of eyes
  10 entropy weavers
  15 ice dragons
  6 rakshasas
  9 hydras
  14 naga warriors
  8 centaur warriors
  3 death knights
  7 spriggan air magi
  A ghost crab (shapeshifter) (Vaults:4)
  An anaconda (shapeshifter) (Depths:5)
  5 merfolk avatars
  2 alligator snapping turtles
  An alligator (shapeshifter) (Depths:4)
  7 small abominations
  5 merfolk aquamancers
  A catoblepas (D:9)
  7 tengu warriors
  2 satyrs
  15 anacondas
  4 thrashing horrors (Abyss:5)
  22 dancing weapons
  9 deep troll shamans
  A hell hog (Abyss:5)
  4 death yaks (Lair:7)
  An orc high priest (Orc:1)
  2 vampire magi
  Urug (D:12)
  12 naga sharpshooters
  15 deep troll earth magi
  11 hell knights
  3 soul eaters
  3 spriggans
  7 spriggan berserkers
  4 shock serpents
  A shock serpent (shapeshifter) (Depths:5)
  5 shadow wraiths
  A titan zombie (Crypt:1)
  23 deep elf knights
  2 titan skeletons
  52 skeletal warriors
  7 iron trolls
  20 sea snakes
  10 large abominations
  2 storm dragon skeletons
  9 giant orange brains
  2 fire crabs
  34 deep trolls
  3 unseen horrors
  3 salamander mystics
  6 flayed ghosts
  20 starcursed masses
  10 deep elf archers
  A golden dragon skeleton (Crypt:2)
  12 ironbrand convokers
  2 shadow dragon zombies
  15 mana vipers
  10 orc knights
  12 naga ritualists
  8 hill giants
  2 lindwurms
  8 necromancers
  61 deep elf magi
  10 phantasmal warriors
  3 anubis guards (Tomb:1)
  10 harpies
  14 wizards
  6 wolf spiders
  3 hornets
  2 oklob plants (Lair:2)
  An iron dragon zombie (Vaults:5)
  A worldbinder (Abyss:5)
  An orb spider (shapeshifter) (Depths:4)
  An orb spider (Abyss:5)
  2 tengu skeletons
  A frost giant zombie (Vaults:3)
  A fire giant zombie (Depths:3)
  4 sixfirhies
  11 griffons
  21 moths of wrath
  A hornet (shapeshifter) (Depths:3)
  12 fauns
  4 orc sorcerers
  9 cyclopes
  9 manticores
  2 stone giant zombies
  A frost giant skeleton (Crypt:2)
  8 sirens
  40 ugly things
  19 vault sentinels
  6 guardian serpents
  3 fire giant skeletons
  An elephant (Lair:7)
  Maurice (D:10)
  An ice statue (IceCv)
  7 stone giant skeletons
  25 naga magi
  16 salamanders
  A centaur zombie (D:14)
  A rust devil (Zig:5)
  54 black mambas
  2 molten gargoyles (D:12)
  An octopode (shapeshifter) (Depths:5)
  2 water nymphs (Shoals:1)
  3 smoke demons
  18 spiny frogs
  5 torpor snails (Lair:8)
  A kobold demonologist (Abyss:3)
  A titan simulacrum (Crypt:1)
  2 orange demons (Abyss:5)
  2 dire elephant skeletons
  7 komodo dragons
  2 yaktaur zombies
  2 catoblepas zombies
  2 shock serpent skeletons
  58 yaktaurs
  13 freezing wraiths
  A hellwing (Abyss:2)
  4 rime drakes
  2 hellions (Zot:4)
  A catoblepas skeleton (Crypt:3)
  A komodo dragon (shapeshifter) (Vaults:5)
  20 guardian mummies
  An anaconda simulacrum (IceCv)
  3 golden dragon simulacra
  3 tengu conjurers
  2 tormentors
  4 ice devils (IceCv)
  3 ancient zymes (Abyss:2)
  6 efreet
  2 queen bees (shapeshifter)
  15 trolls
  A mottled draconian skeleton (Crypt:1)
  3 jumping spiders
  A red draconian skeleton (Crypt:2)
  A troll (shapeshifter) (Abyss:5)
  23 merfolk
  A queen bee (D:10)
  2 wind drakes (Shoals:4)
  26 two-headed ogres
  A hydra zombie (Crypt:2)
  A wind drake (shapeshifter) (Depths:5)
  A sphinx simulacrum (Vaults:2)
  2 wolf spider simulacra
  16 slime creatures
  Prince Ribbit (Lair:6)
  6 giant leeches (Lair:8)
  A harpy skeleton (Crypt:3)
  A slime creature (shapeshifter) (Vaults:2)
  2 ettin zombies (Depths:1)
  11 snapping turtles
  A tarantella zombie (Crypt:1)
  2 stone giant simulacra
  26 blink frogs
  4 ushabtiu (Tomb:1)
  A bog body (Crypt:3)
  3 boulder beetles
  A spriggan zombie (Depths:1)
  A death drake skeleton (Crypt:3)
  A guardian serpent skeleton (Crypt:2)
  12 flying skulls
  Sigmund (D:2)
  6 air elementals
  4 shadows
  A dire elephant simulacrum (IceCv)
  17 redbacks
  6 wyverns (Lair:8)
  3 ettin skeletons
  A ynoxinul (Abyss:5)
  54 yaks
  8 wraiths
  2 alligator skeletons (Crypt:3)
  A redback (shapeshifter) (D:9)
  A fire elemental (Elf:1)
  A yak (shapeshifter) (Vaults:4)
  A tarantella (Depths:2)
  The ghost of Rationalist the Chopper, an amateur MiBe of Trog (D:3)
  A hog (D:7)
  A fire bat (Volcano)
  29 water elementals
  7 basilisks
  17 humans
  A chaos spawn (Abyss:5)
  6 hippogriffs
  A black mamba skeleton (Crypt:3)
  A basilisk (shapeshifter) (D:14)
  3 hungry ghosts
  3 neqoxecs
  5 wargs
  Menkaure (D:4)
  A steam dragon (Lair:8)
  47 nagas
  6 vampire mosquitoes
  2 merfolk zombies
  A soldier ant (D:10)
  Edmund (D:6)
  3 mottled dragons
  A harpy simulacrum (IceCv)
  3 iron troll simulacra (IceCv)
  17 water moccasins
  5 hydra simulacra (IceCv)
  A giant eyeball (Depths:5)
  An eye of draining (Abyss:5)
  5 porcupines
  3 swamp drakes
  A black bear (shapeshifter) (Vaults:5)
  3 ettin simulacra (IceCv)
  A black bear (D:12)
  A spiny frog skeleton (Crypt:3)
  An anubis guard zombie (Crypt:2)
  9 wasps
  6 necrophages
  2 sky beasts (D:10)
  A human zombie (Vaults:3)
  6 ice beasts
  62 ogres
  32 orc warriors
  A boggart (shapeshifter) (Vaults:4)
  12 wolves
  5 boggarts (Depths:3)
  An elephant skeleton (Crypt:1)
  20 centaurs
  2 swamp dragon skeletons (Crypt:3)
  20 crocodiles
  A fire crab zombie (Crypt:2)
  A giant frog (shapeshifter) (Vaults:5)
  A salamander zombie (Crypt:1)
  3 big kobolds
  23 giant frogs
  2 wyvern zombies (D:9)
  A yaktaur skeleton (Crypt:3)
  A glowing shapeshifter simulacrum (Vaults:5)
  A wyvern skeleton (D:11)
  4 scorpions
  A water moccasin skeleton (D:8)
  A queen bee zombie (Crypt:3)
  20 wights
  An elephant simulacrum (IceCv)
  24 killer bees (D:10)
  A raiju zombie (Crypt:1)
  A spriggan skeleton (Crypt:1)
  A howler monkey (D:11)
  6 electric eels
  6 crimson imps
  A draconian simulacrum (IceCv)
  5 lava snakes (D:12)
  2 giant frog zombies
  6 hounds
  6 jellies
  26 orc priests
  26 orc wizards
  A basilisk skeleton (Crypt:3)
  A giant frog skeleton (D:6)
  3 quasits
  A soldier ant zombie (Crypt:1)
  2 centaur skeletons (D:11)
  Crazy Yiuf (D:2)
  Jessica (D:3)
  7 iguanas
  Ijyb (D:2)
  Terence (D:3)
  Natasha (thrice) (D:3)
  A troll simulacrum (IceCv)
  11 worker ants
  A polar bear simulacrum (IceCv)
  26 sheep
  2 wolf simulacra (IceCv)
  3 centaur simulacra (IceCv)
  A hound zombie (D:8)
  A naga skeleton (Crypt:2)
  An ogre skeleton (Crypt:3)
  2 hound skeletons
  9 mummies (Tomb:1)
  4 gnolls (D:2)
  6 naga simulacra (IceCv)
  28 adders
  3 ogre simulacra (IceCv)
  33 river rats
  5 shadow imps
  17 white imps
  12 ufetubi
  2 oozes
  An adder skeleton (D:9)
  An adder zombie (D:9)
  17 worms
  2 dart slugs (D:3)
  3 giant geckos
  A giant gecko (shapeshifter) (Vaults:5)
  105 orcs
  7 bats
  7 giant cockroaches
  9 goblins
  11 hobgoblins
  18 jackals
  7 quokkas
  5 ball pythons
  A ball python skeleton (Crypt:1)
  2 giant newts
  13 kobolds
  2 orc skeletons (Crypt:3)
  A quokka zombie (D:9)
  13 rats
  3 butterflies (Zot:1)
  3 crawling corpses (Elf:3)
  3 fungi
  A lost soul (Crypt:2)
  A plant (Lair:7)
  A starspawn tentacle (Abyss:2)
  10 tentacles
2938 creatures vanquished.

Vanquished Creatures (collateral kills)
  A Killer Klown (Zot:1)
  A bone dragon (Abyss:2)
  2 liches
  2 tentacled monstrosities
  2 Orb Guardians (Zot:5)
  A deep elf blademaster (Elf:3)
  3 titans (Vaults:5)
  A death cob (Zot:5)
  2 sphinxes
  A kraken (Shoals:1)
  A tengu reaver (Vaults:5)
  A storm dragon (Zot:2)
  A greater naga (Snake:4)
  A daeva (Depths:3)
  A vault warden (Vaults:4)
  A ghoul (Crypt:3)
  A draconian scorcher (Zot:4)
  A draconian zealot (Zot:5)
  A deep elf elementalist (Elf:3)
  An angel (Depths:3)
  2 reapers (Zig:5)
  2 ironheart preservers (Vaults:3)
  8 very ugly things
  3 large abominations
  A green draconian (Zot:1)
  A vampire knight (Depths:1)
  A salamander stormcaller (Vaults:4)
  2 red draconians
  A yellow draconian (Zot:4)
  A lorocyproca (Abyss:5)
  A spark wasp (Depths:3)
  2 mottled draconians (Zot:3)
  2 white draconians (Zot:5)
  A deep elf annihilator (Elf:3)
  A deep elf death mage (Elf:2)
  A merfolk javelineer (Shoals:4)
  4 vault guards (Vaults:4)
  A yaktaur captain (Vaults:4)
  2 entropy weavers
  2 deep elf high priests
  A great orb of eyes (Vaults:4)
  A hydra (D:11)
  3 naga warriors
  A catoblepas (shapeshifter) (Vaults:5)
  4 merfolk avatars
  A centaur warrior (D:13)
  An ogre mage (Vaults:4)
  4 anacondas
  2 dancing weapons (Elf:2)
  2 death yaks (Lair:7)
  A deep troll earth mage (Depths:3)
  A deep troll shaman (Depths:5)
  2 deep elf knights (Elf:2)
  Nergalle (Lair:3)
  3 naga sharpshooters (Snake:2)
  A spriggan berserker (Depths:5)
  4 thrashing horrors
  A shock serpent (Snake:3)
  A hell knight (Depths:1)
  4 skeletal warriors
  2 naga ritualists (Snake:4)
  A deep troll (Depths:5)
  A giant orange brain (Vaults:4)
  An ironbrand convoker (Vaults:3)
  A phantasmal warrior (Crypt:1)
  3 harpies
  2 orc knights
  2 mana vipers
  A deep elf archer (Elf:3)
  A wolf spider (Vaults:5)
  14 deep elf magi
  4 ugly things
  A moth of wrath (Zot:2)
  A cyclops (Orc:2)
  A manticore (D:15)
  2 fauns (Shoals:3)
  4 black mambas
  A siren (Shoals:4)
  2 elephants (Lair:7)
  A salamander (Snake:2)
  A stone giant skeleton (Crypt:3)
  A centaur zombie (D:11)
  3 guardian serpents
  A water nymph (Shoals:4)
  A rust devil (Zig:5)
  3 naga magi (Snake:4)
  A spiny frog (Lair:2)
  A rime drake (shapeshifter) (Vaults:4)
  A hellion (Zig:5)
  3 yaktaurs
  A tormentor (Zig:5)
  A freezing wraith (Vaults:4)
  A guardian mummy (Zot:1)
  4 starcursed masses (Abyss:5)
  A red devil (Zig:5)
  A queen bee (shapeshifter) (Depths:2)
  A troll (D:13)
  A bog body (Crypt:3)
  A merfolk (Shoals:4)
  A two-headed ogre (Orc:2)
  6 blink frogs
  A flying skull (Crypt:3)
  A tarantella (Vaults:5)
  2 spriggans
  3 redbacks
  A fire bat (Abyss:2)
  13 yaks
  3 nagas
  A hell hound (Zig:5)
  An ice beast (D:9)
  A sky beast (D:13)
  A wasp (Depths:4)
  A phantom (D:8)
  3 ogres
  3 wolves (Lair:2)
  3 centaurs
  A crocodile (Lair:2)
  2 giant frogs
  An electric eel (Snake:1)
  3 wights
  A crimson imp (D:13)
  A hound (D:13)
  A small abomination (Abyss:5)
  A wolf simulacrum (IceCv)
  A crocodile zombie (Crypt:2)
  A sheep (Lair:3)
  2 mummies
  2 white imps (Shoals:1)
  A worm (Lair:8)
  4 orcs
  A crawling corpse (Elf:3)
  A fungus (Lair:7)
247 creatures vanquished.

Vanquished Creatures (others)
  A tengu reaver (Vaults:5)
  4 stone giants
  A green draconian (Zot:4)
  A white draconian (Zot:1)
  5 yaktaur captains
  2 deep elf high priests (Elf:3)
  3 centaur warriors
  A satyr (Shoals:4)
  A naga sharpshooter (Snake:1)
  A vampire mage (Depths:3)
  A shock serpent (Snake:4)
  A deep elf archer (Elf:3)
  2 deep elf magi
  4 cyclopes
  A faun (Shoals:4)
  2 moths of wrath
  A water nymph (Shoals:1)
  3 naga magi
  17 yaktaurs
  A komodo dragon (Lair:8)
  A two-headed ogre (Vaults:5)
  A spriggan (Depths:4)
  2 hogs (Volcano)
  A hungry ghost (D:4)
  An orc warrior (Orc:2)
  An ogre (Vaults:4)
  9 centaurs
  A hound (D:11)
  An orc wizard (D:13)
  A white imp (IceCv)
  2 ufetubi (IceCv)
  4 orcs
  A jackal (D:1)
  16 fungi
  6 lost souls (Crypt:3)
  62 plants
  9 starspawn tentacles
  76 starspawn tentacle segments
  17 tentacles
  763 tentacle segments
1028 creatures vanquished.

Grand Total: 4213 creatures vanquished

Notes
Turn   | Place    | Note
--------------------------------------------------------------
     0 | D:1      | Shtopit the Demonspawn Berserker began the quest for the Orb.
     0 | D:1      | Reached XP level 1. HP: 18/18 MP: 1/1
   145 | D:1      | Reached skill level 3 in Long Blades
   170 | D:1      | Gained mutation: You are surrounded by a mild repulsion field (EV +2). [demonic ancestry]
   170 | D:1      | Reached XP level 2. HP: 23/24 MP: 2/2
  1188 | D:2      | Noticed Sigmund
  1199 | D:2      | Killed Sigmund
  1199 | D:2      | Reached XP level 3. HP: 30/30 MP: 3/3
  1199 | D:2      | Gained mutation: You have sharp toenails. [demonic ancestry]
  1199 | D:2      | Reached XP level 4. HP: 37/37 MP: 4/4
  1199 | D:2      | Reached XP level 5. HP: 42/42 MP: 5/5
  1477 | D:2      | Reached ** piety under Trog
  2114 | D:2      | Noticed Crazy Yiuf
  2118 | D:2      | Killed Crazy Yiuf
  2118 | D:2      | Gained mutation: A weak demonic guardian rushes to your aid. [demonic ancestry]
  2118 | D:2      | Reached XP level 6. HP: 48/48 MP: 6/6
  2225 | D:2      | Noticed Ijyb
  2235 | D:2      | Killed Ijyb
  2403 | D:3      | Found a glowing golden altar of the Shining One.
  2450 | D:3      | Noticed Terence
  2461 | D:3      | Killed Terence
  2461 | D:3      | Reached skill level 4 in Long Blades
  2870 | D:3      | Noticed Natasha
  2877 | D:3      | Killed Natasha
  3121 | D:3      | Noticed Jessica
  3124 | D:3      | Killed Jessica
  3223 | D:3      | Noticed Rationalist's ghost (amateur MiBe)
  3231 | D:3      | Killed Rationalist's ghost
  3231 | D:3      | Reached skill level 5 in Dodging
  3231 | D:3      | Reached XP level 7. HP: 54/54 MP: 7/7
  3323 | D:3      | Noticed Natasha
  3333 | D:3      | Killed Natasha
  3333 | D:3      | Reached *** piety under Trog
  3446 | D:3      | Noticed Natasha
  3458 | D:3      | Killed Natasha
  3910 | D:4      | Found a staircase to the Ecumenical Temple.
  3967 | D:4      | Noticed Menkaure
  3974 | D:4      | Killed Menkaure
  4472 | D:4      | Found an oddly glowing altar of Pakellas.
  4472 | D:4      | Noticed a hungry ghost
  4480 | D:4      | Killed a hungry ghost
  4637 | D:5      | Entered Level 5 of the Dungeon
  4647 | D:5      | Found a glowing drain.
  4653 | D:5      | Gained mutation: You are surrounded by a moderate repulsion field (EV +3). [demonic ancestry]
  4653 | D:5      | Reached XP level 8. HP: 61/61 MP: 8/8
  4703 | Sewer    | Entered a sewer
  4788 | Sewer    | Reached skill level 5 in Long Blades
  4828 | Sewer    | Found a glowing silver altar of Zin.
  4900 | D:5      | Found a snail-covered altar of Cheibriados.
  4900 | D:5      | Found an ancient bone altar of Kikubaaqudgha.
  5025 | D:5      | Found a sparkling altar of Nemelex Xobeh.
  5333 | D:5      | Reached **** piety under Trog
  5342 | D:5      | Reached skill level 5 in Fighting
  5579 | D:6      | Noticed Edmund
  5590 | D:6      | Killed Edmund
  5801 | D:6      | Reached skill level 6 in Long Blades
  6051 | D:6      | Found Zuulakoh's Jewellery Boutique.
  6084 | D:6      | Reached skill level 5 in Armour
  6203 | D:6      | Reached XP level 9. HP: 67/67 MP: 9/9
  6637 | D:7      | Found Zastrai's Antique Weapon Shop.
  6645 | D:7      | Bought a runed demon blade for 360 gold pieces
  6804 | D:7      | Found a stormy altar of Qazlal.
  6941 | D:7      | Found Xievejan's Magic Scroll Boutique.
  6962 | D:7      | Bought a scroll of fog for 26 gold pieces
  7396 | D:7      | Found Yluatep's Antique Weapon Emporium.
  8216 | D:8      | Found Tuipeh's Jewellery Emporium.
  8254 | D:8      | Reached skill level 7 in Long Blades
  8454 | D:8      | Found Bovvatow's Food Shop.
  8565 | D:8      | Reached ***** piety under Trog
  8674 | D:8      | Found Zathe's Weapon Emporium.
  8729 | D:8      | Found a sacrificial altar of Ru.
  8832 | D:8      | Found Viep's Distillery.
  8840 | D:8      | Bought a potion of heal wounds for 75 gold pieces
  8840 | D:8      | Bought a potion of curing for 45 gold pieces
  8840 | D:8      | Bought a potion of degeneration for 15 gold pieces
  8859 | D:8      | Reached XP level 10. HP: 78/78 MP: 10/10
  9131 | D:9      | Received a gift from Trog
  9518 | D:9      | Reached skill level 8 in Long Blades
  9857 | D:9      | Noticed a catoblepas
  9880 | D:9      | Killed a catoblepas
  9880 | D:9      | Reached skill level 1 in Shields
 10105 | D:9      | Noticed a guardian serpent
 10115 | D:9      | a guardian serpent changed into a redback
 10697 | D:10     | Entered Level 10 of the Dungeon
 11255 | D:10     | Noticed Maud
 11270 | D:10     | Killed Maud
 11270 | D:10     | Reached skill level 9 in Long Blades
 11270 | D:10     | Reached XP level 11. HP: 60/86 MP: 11/11
 11481 | D:10     | Noticed a hill giant
 11485 | D:10     | Killed a hill giant
 11685 | D:10     | Received a gift from Trog
 12289 | D:10     | Noticed a five-headed hydra
 12291 | D:10     | Noticed Maurice
 12367 | D:11     | Reached skill level 5 in Shields
 12669 | D:11     | Noticed Snorg
 12675 | D:11     | Killed Snorg
 12766 | D:11     | Noticed a hill giant
 12850 | D:11     | Killed a hill giant
 13186 | D:11     | Found a staircase to the Lair.
 13502 | D:11     | Noticed a white ugly thing
 13518 | D:11     | Killed a white ugly thing
 13843 | D:11     | Reached skill level 10 in Long Blades
 14025 | D:11     | Killed an unseen horror
 14245 | D:11     | Noticed a centaur warrior
 14252 | D:11     | Killed a centaur warrior
 14394 | D:11     | Noticed a brown ugly thing
 14406 | D:11     | Killed a brown ugly thing
 14406 | D:11     | Gained mutation: You are surrounded by a strong repulsion field (EV +4, rMsl). [demonic ancestry]
 14406 | D:11     | Reached XP level 12. HP: 94/94 MP: 12/12
 14731 | D:11     | Noticed an eight-headed hydra
 14915 | D:11     | Killed an eight-headed hydra
 16350 | D:12     | Noticed Urug
 16383 | D:12     | Killed Urug
 16699 | D:12     | Found a sparkling altar of Nemelex Xobeh.
 16896 | D:12     | Found a staircase to the Orcish Mines.
 16949 | Orc:1    | Entered Level 1 of the Orcish Mines
 16949 | Orc:1    | Noticed Fannar
 16980 | D:12     | Killed Fannar
 17130 | Orc:1    | Found Riubum's Antique Weapon Emporium.
 17243 | Orc:1    | Found Mauginut's Armour Emporium.
 17407 | Orc:1    | Reached skill level 11 in Long Blades
 17410 | Orc:1    | Noticed an orc high priest
 17435 | Orc:1    | Killed an orc high priest
 17623 | Orc:1    | Found a roughly hewn altar of Beogh.
 17631 | Orc:1    | Noticed an orc warlord
 17759 | D:10     | Received a gift from Trog
 17762 | D:10     | Killed a five-headed hydra
 18230 | D:8      | Bought the ring of Ryhaatuo {rElec rPois rC+ MP-9 Stlth+} for 512 gold pieces
 18375 | D:10     | Killed Maurice
 18837 | D:13     | Noticed a centaur warrior
 18847 | D:13     | Killed a centaur warrior
 18889 | D:13     | Gained mutation: A demonic guardian rushes to your aid. [demonic ancestry]
 18889 | D:13     | Reached XP level 13. HP: 97/103 MP: 4/13
 19119 | D:13     | Reached skill level 10 in Fighting
 19297 | D:13     | Noticed ReniFell's ghost (journeyman MiFi)
 19324 | D:13     | Killed ReniFell's ghost
 19625 | D:13     | Reached skill level 10 in Armour
 19625 | D:13     | Reached ****** piety under Trog
 19669 | D:13     | Received a gift from Trog
 19679 | D:13     | Gained mutation: Your movements are slightly less encumbered by armour (ER -2). [potion of mutation]
 19679 | D:13     | Gained mutation: You are agile. (Dex +2) [potion of mutation]
 19679 | D:13     | Lost mutation: You are agile. (Dex +2) [potion of mutation]
 20225 | D:13     | Reached skill level 12 in Long Blades
 20345 | D:13     | Found an ancient bone altar of Kikubaaqudgha.
 20572 | Lair:1   | Entered Level 1 of the Lair of Beasts
 21441 | Lair:2   | Received a gift from Trog
 21753 | Lair:2   | Reached skill level 10 in Shields
 22614 | Lair:2   | Reached XP level 14. HP: 81/111 MP: 5/14
 23049 | Lair:3   | Found a dark tunnel.
 23065 | Volcano  | Entered a volcano
 23087 | Volcano  | Reached skill level 1 in Slings
 23480 | Lair:3   | Noticed Nergalle
 23494 | Lair:3   | Killed Nergalle
 23702 | Lair:3   | Noticed Prince Ribbit
 23829 | Lair:3   | Found a staircase to the Snake Pit.
 23947 | Lair:3   | Reached skill level 1 in Throwing
 23947 | Lair:3   | Reached skill level 1 in Unarmed Combat
 23947 | Lair:3   | Gained mutation: You have razor-sharp toenails. [demonic ancestry]
 23947 | Lair:3   | Reached XP level 15. HP: 118/118 MP: 5/16
 24002 | Lair:3   | Received a gift from Trog
 24249 | Lair:3   | Found a staircase to the Shoals.
 25900 | Lair:5   | Found a shadowy altar of Dithmenos.
 26853 | Lair:6   | Found a runed door.
 26854 | Lair:6   | Found a viscous altar of Jiyva.
 26854 | Lair:6   | Found a staircase to the Slime Pits.
 27058 | Lair:6   | Killed Prince Ribbit
 27058 | Lair:6   | Received a gift from Trog
 28012 | Lair:7   | Reached skill level 13 in Long Blades
 28975 | Lair:7   | Identified a +0 pair of boots of running (You found it on level 7 of the Lair of Beasts)
 29002 | Lair:8   | Entered Level 8 of the Lair of Beasts
 29110 | Lair:8   | Received a gift from Trog
 29992 | Lair:8   | Gained mutation: You have claws for feet. [demonic ancestry]
 29992 | Lair:8   | Reached XP level 16. HP: 123/127 MP: 8/17
 30025 | Lair:8   | Found a runed door.
 30106 | Lair:8   | Received a gift from Trog
 31476 | Orc:1    | Noticed Harold
 31486 | Orc:1    | Killed Harold
 31496 | Orc:1    | Noticed Erolcha
 31506 | Orc:1    | Killed Erolcha
 31863 | Orc:2    | Entered Level 2 of the Orcish Mines
 31922 | Orc:2    | Found a staircase to the Elven Halls.
 32173 | Orc:2    | Found Vagu's Armour Shoppe.
 32246 | Orc:2    | Reached skill level 14 in Long Blades
 32396 | Orc:2    | Found Lenegara's Antique Weapon Boutique.
 32396 | Orc:2    | Found Buriem's Antique Armour Emporium.
 32409 | Orc:2    | Found Jukhlokh's Gadget Shoppe.
 32685 | Elf:1    | Entered Level 1 of the Elven Halls
 32704 | Elf:1    | Reached skill level 10 in Dodging
 32837 | Elf:1    | Received a gift from Trog
 33935 | Elf:2    | Found a runed door.
 33975 | Elf:2    | Found a runed door.
 34264 | Elf:2    | Noticed a deep elf blademaster
 34297 | Elf:2    | Killed a deep elf blademaster
 34297 | Elf:2    | Reached XP level 17. HP: 114/135 MP: 9/18
 35174 | Elf:3    | Entered Level 3 of the Elven Halls
 35875 | Elf:3    | Found Ysson's Antique Armour Emporium.
 36122 | Elf:3    | Reached skill level 15 in Long Blades
 36197 | Elf:3    | Received a gift from Trog
 36407 | Elf:3    | Noticed a deep elf blademaster
 36435 | Elf:3    | Killed a deep elf blademaster
 36663 | Elf:3    | Got a faintly glowing short sword {pierce}
 37038 | Elf:3    | Reached skill level 15 in Shields
 37279 | Elf:3    | Got a coiled granite ring
 37280 | Elf:3    | Identified the ring of Xom's Recklessness {Ice *Corrode rPois rN++ Stlth+} (You took it off a deep elf archer on level 3 of the Elven Halls)
 37419 | Elf:3    | Noticed a deep elf master archer
 37420 | Elf:3    | Noticed a deep elf blademaster
 37421 | Elf:3    | Noticed a deep elf master archer
 37421 | Elf:3    | Received a gift from Trog
 37441 | Elf:3    | Killed a deep elf blademaster
 37451 | Elf:3    | Killed a deep elf master archer
 37453 | Elf:3    | Killed a deep elf master archer
 37453 | Elf:3    | Reached XP level 18. HP: 144/144 MP: 10/19
 37879 | Elf:3    | Got a bloodstained hunting sling
 37880 | Elf:3    | Identified the cursed +0 hunting sling of Gallantry {velocity, rF+ MR+ Str+3 Stlth-} (You found it on level 3 of the Elven Halls)
 37977 | Elf:3    | Got a twitching copper ring
 37979 | Elf:3    | Identified the ring "Nederuly" {rElec Str+3 Dex+3 SInv} (You found it on level 3 of the Elven Halls)
 38510 | Orc:2    | Received a gift from Trog
 39174 | D:14     | Found a gate to the Vaults.
 39174 | D:14     | Noticed Norris
 39401 | D:13     | Reached skill level 16 in Long Blades
 39418 | D:14     | Killed Norris
 40214 | D:15     | Entered Level 15 of the Dungeon
 40725 | D:15     | Received a gift from Trog
 40932 | D:15     | Found a staircase to the Depths.
 41355 | Snake:1  | Entered Level 1 of the Snake Pit
 41368 | Snake:1  | Received a gift from Trog
 41881 | Snake:1  | Received a gift from Trog
 42016 | Snake:1  | Reached skill level 17 in Long Blades
 43005 | Snake:2  | Noticed Vashnia
 43060 | Snake:2  | Killed Vashnia
 43060 | Snake:2  | Gained mutation: You are immune to rotting. [demonic ancestry]
 43060 | Snake:2  | Reached XP level 19. HP: 88/152 MP: 13/22
 43313 | Snake:2  | Received a gift from Trog
 43443 | Snake:2  | Found a flickering gateway to a bazaar.
 43465 | Bazaar   | Entered a bazaar
 43479 | Bazaar   | Found Soarokka's Antique Weapon Shoppe.
 43494 | Bazaar   | Found Vecoj's Armour Emporium.
 43511 | Bazaar   | Found Tinoamyt's Book Emporium.
 43569 | Bazaar   | Bought a +0 large shield for 63 gold pieces
 44225 | Snake:3  | Noticed Nikola
 44241 | Snake:3  | Killed Nikola
 44863 | Snake:3  | Reached skill level 5 in Evocations
 45221 | Snake:3  | Received a gift from Trog
 45257 | Snake:3  | Reached skill level 18 in Long Blades
 45801 | Snake:4  | Entered Level 4 of the Snake Pit
 47400 | Snake:4  | Received a gift from Trog
 47970 | Snake:4  | Got a serpentine rune of Zot
 48477 | Temple   | Entered the Ecumenical Temple
 48794 | Shoals:1 | Entered Level 1 of the Shoals
 48959 | Shoals:1 | Received a gift from Trog
 48968 | Shoals:1 | Reached XP level 20. HP: 123/161 MP: 15/24
 48983 | Shoals:1 | Found a frozen archway.
 48996 | IceCv    | Entered an ice cave
 50776 | IceCv    | Got a jewelled hat
 50803 | IceCv    | Identified the +1 hat "Cojezuq" {rN+} (You found it in an ice cave)
 51203 | Shoals:1 | Reached skill level 19 in Long Blades
 51692 | Shoals:1 | Reached skill level 15 in Fighting
 51985 | Shoals:1 | Received a gift from Trog
 52498 | Shoals:2 | Received a gift from Trog
 53114 | Shoals:3 | Gained mutation: Your mind is acute. (Int +2) [potion of beneficial mutation]
 53147 | Shoals:3 | Found Ujeto's Magic Scroll Boutique.
 53148 | Shoals:3 | Found Sitoutta's Weapon Shoppe.
 53216 | Shoals:3 | Bought a scroll of magic mapping for 42 gold pieces
 53738 | Shoals:4 | Entered Level 4 of the Shoals
 54316 | Shoals:4 | Noticed Ilsuiw
 54359 | Shoals:4 | Killed Ilsuiw
 54810 | Shoals:4 | Noticed Jorgrun
 54828 | Shoals:4 | Killed Jorgrun
 54876 | Shoals:4 | Received a gift from Trog
 54893 | Shoals:4 | Got a barnacled rune of Zot
 55420 | Shoals:4 | Noticed Loading's ghost (adept MiBe)
 56322 | Shoals:4 | Killed Loading's ghost
 56806 | Shoals:4 | Reached skill level 20 in Long Blades
 57047 | Vaults:1 | Entered Level 1 of the Vaults
 57360 | Vaults:1 | Received a gift from Trog
 57389 | Vaults:1 | Gained mutation: You may emit foul miasma when damaged in melee. [demonic ancestry]
 57389 | Vaults:1 | Reached XP level 21. HP: 112/169 MP: 18/27
 58200 | Vaults:2 | Got a pitted long sword
 58202 | Vaults:2 | Identified the +5 long sword of the Imperium {flame, MR+ Stlth+} (You found it on level 2 of the Vaults)
 58207 | Vaults:2 | Found Nyrij's Armour Boutique.
 58271 | Vaults:2 | Bought a +2 large shield for 231 gold pieces
 58702 | Vaults:2 | Found a staircase to the Crypt.
 58820 | Vaults:2 | Received a gift from Trog
 59306 | Vaults:2 | Found Zaaq's Antique Weapon Shoppe.
 59887 | Vaults:3 | Received a gift from Trog
 60275 | Vaults:3 | Received a gift from Trog
 60380 | Vaults:3 | Reached skill level 21 in Long Blades
 61014 | Vaults:4 | Noticed Wiglaf
 61028 | Vaults:4 | Killed Wiglaf
 61068 | Vaults:4 | Received a gift from Trog
 61476 | Vaults:4 | Gained mutation: Your flesh is cold resistant. [demonic ancestry]
 61476 | Vaults:4 | Reached XP level 22. HP: 176/178 MP: 20/29
 61569 | Vaults:4 | Found Ried Iplaeg's Food Shop.
 62314 | Vaults:5 | Entered Level 5 of the Vaults
 62779 | Vaults:4 | Received a gift from Trog
 62779 | Vaults:4 | Reached skill level 10 in Evocations
 63216 | Vaults:5 | Reached skill level 22 in Long Blades
 63278 | Vaults:5 | Noticed a golden dragon
 63295 | Vaults:5 | Killed a golden dragon
 63349 | Vaults:5 | HP: 4/179 [vault warden/short sword of holy wrath (15)]
 63404 | Vaults:5 | Received a gift from Trog
 63539 | Vaults:5 | Got a transparent gossamer ring
 63540 | Vaults:5 | Identified the ring of Ybuptybuo {Str+2 SInv} (You took it off a yaktaur on level 5 of the Vaults)
 64496 | Vaults:5 | Gained mutation: You are immune to freezing clouds. [demonic ancestry]
 64496 | Vaults:5 | Reached XP level 23. HP: 128/186 MP: 5/31
 64506 | Vaults:5 | Received a gift from Trog
 64981 | Vaults:5 | Got a fine plate armour
 64982 | Vaults:5 | Identified the +14 plate armour of Fortification {+Inv rElec Str+7} (You found it on level 5 of the Vaults)
 65056 | Vaults:5 | Noticed an ancient lich
 65073 | Vaults:5 | Killed an ancient lich
 65774 | Vaults:5 | Received a gift from Trog
 66024 | Vaults:5 | Got a silver rune of Zot
 67012 | Crypt:1  | Entered Level 1 of the Crypt
 68310 | Crypt:2  | Identified a scroll of acquirement
 68368 | Crypt:2  | Reached skill level 23 in Long Blades
 68702 | Crypt:2  | Received a gift from Trog
 69757 | Crypt:3  | Entered Level 3 of the Crypt
 69766 | Crypt:3  | Noticed Jory
 69787 | Crypt:3  | Killed Jory
 69997 | Crypt:3  | Gained mutation: You frequently emit foul miasma when damaged in melee. [demonic ancestry]
 69997 | Crypt:3  | Reached XP level 24. HP: 147/195 MP: 22/31
 70466 | Crypt:3  | Found a basalt altar of Yredelemnul.
 70875 | Crypt:3  | Noticed an ancient lich
 70901 | Crypt:3  | Killed an ancient lich
 72236 | Crypt:3  | Found a staircase to the Tomb.
 72395 | Tomb:1   | Entered Level 1 of the Tomb of the Ancients
 72491 | Tomb:1   | Noticed Boris
 72512 | Tomb:1   | Killed Boris
 72638 | Tomb:1   | Paralysed by a sphinx for 5 turns
 72655 | Tomb:1   | Reached skill level 24 in Long Blades
 72667 | Tomb:1   | Paralysed by a sphinx for 6 turns
 72680 | Tomb:1   | Noticed Shtopit's ghost (veteran DsBe)
 72969 | Tomb:1   | Killed Shtopit's ghost
 73463 | Tomb:1   | Noticed a greater mummy
 73483 | Tomb:1   | Killed a greater mummy
 73572 | Tomb:1   | Noticed a greater mummy
 73576 | Tomb:1   | Noticed a greater mummy
 73584 | Tomb:1   | HP: 8/195 [greater mummy/divine providence (15)]
 74523 | Depths:1 | Entered Level 1 of the Depths
 74526 | Depths:1 | Received a gift from Trog
 74977 | Depths:1 | Found a gateway to Hell.
 75012 | Depths:1 | Reached XP level 25. HP: 180/202 MP: 23/32
 76060 | Depths:1 | Received a gift from Trog
 76185 | Depths:1 | Paralysed by a sphinx for 5 turns
 76285 | Depths:2 | Found a one-way gate to the infinite horrors of the Abyss.
 76740 | Depths:2 | Cast into level 2 of the Abyss (an ogre mage)
 77172 | Abyss:3  | Gained mutation: Armour fits poorly on your strangely shaped body. [a neqoxec]
 77193 | Depths:2 | Escaped the Abyss
 77255 | Depths:2 | Received a gift from Trog
 77269 | Depths:2 | Got a crystal long sword {god gift}
 77270 | Depths:2 | Identified the +0 long sword of Trog's Outrage {freeze, Str-4 Int+6 Dex+4} (Trog gifted it to you on level 2 of the Depths)
 77624 | Depths:2 | Got a spiked helmet
 77628 | Depths:2 | Identified the +0 helmet of the Leaf {rPois Str+4 Dex-5} (You found it on level 2 of the Depths)
 77944 | Depths:2 | Gained mutation: You possess an exceptional clarity of mind. [potion of beneficial mutation]
 78496 | Depths:3 | Found a gateway to a ziggurat.
 78504 | Depths:3 | Noticed Margery
 78504 | Depths:3 | Received a gift from Trog
 78513 | Depths:3 | Killed Margery
 78574 | Depths:3 | Reached skill level 25 in Long Blades
 79116 | Zig:1    | Entered Level 1 of a ziggurat
 79147 | Zig:2    | Entered Level 2 of a ziggurat
 79178 | Zig:3    | Entered Level 3 of a ziggurat
 79209 | Zig:3    | Got a pitted scimitar
 79210 | Zig:3    | Identified the +6 scimitar "Viqajub" {slice, rElec Str+3 Dex+6} (You found it on level 3 of a ziggurat)
 79214 | Zig:4    | Entered Level 4 of a ziggurat
 79260 | Zig:4    | Got a polished greatsling
 79261 | Zig:4    | Identified the +5 greatsling "Uwke" {velocity, rF+} (You found it on level 4 of a ziggurat)
 79278 | Zig:5    | Entered Level 5 of a ziggurat
 79317 | Zig:5    | Got a faintly glowing helmet
 79318 | Zig:5    | Identified the +2 helmet of the Vestibule of Hell {Str+2} (You found it on level 5 of a ziggurat)
 79736 | Depths:3 | Received a gift from Trog
 80417 | Depths:3 | Gained mutation: A powerful demonic guardian rushes to your aid. [demonic ancestry]
 80417 | Depths:3 | Reached XP level 26. HP: 211/211 MP: 24/33
 80744 | Depths:3 | Found a one-way gate leading to the halls of Pandemonium.
 80777 | Depths:3 | Received a gift from Trog
 81247 | Depths:3 | Paralysed by a sphinx for 5 turns
 81660 | Depths:4 | Noticed the Enchantress
 81694 | Depths:4 | Killed the Enchantress
 81719 | Depths:4 | Got a faerie dragon armour
 81720 | Depths:4 | Identified the +5 faerie dragon armour {rPois rF- MP+5 Int+4 Clar} (You took it off the Enchantress on level 4 of the Depths)
 81991 | Depths:4 | Received a gift from Trog
 82265 | Depths:4 | Got a steaming swamp dragon armour
 82266 | Depths:4 | Identified the +7 swamp dragon armour "Zackuth" {rPois rF- rN+ Regen+} (You found it on level 4 of the Depths)
 82777 | Depths:4 | Noticed Louise
 82791 | Depths:4 | Killed Louise
 83126 | Depths:5 | Entered Level 5 of the Depths
 83453 | Depths:5 | Received a gift from Trog
 83681 | Depths:5 | Found a gate to the Realm of Zot.
 83746 | Depths:5 | Found a shattered altar of Ashenzari.
 83747 | Depths:5 | Found a bloodstained altar of Trog.
 83747 | Depths:5 | Found a glowing golden altar of the Shining One.
 83853 | Depths:5 | Reached skill level 26 in Long Blades
 83875 | Depths:5 | Reached skill level 15 in Evocations
 83993 | Depths:5 | Noticed a juggernaut
 84015 | Depths:5 | Killed a juggernaut
 84172 | Depths:5 | Gained mutation: A frigid envelope surrounds you and freezes all who hurt you. [demonic ancestry]
 84172 | Depths:5 | Reached XP level 27. HP: 218/219 MP: 25/34
 84234 | Depths:5 | Received a gift from Trog
 84862 | Depths:5 | Noticed a juggernaut
 84879 | Depths:5 | Killed a juggernaut
 85322 | Depths:5 | Received a gift from Trog
 85682 | Zot:1    | Entered Level 1 of the Realm of Zot
 86500 | Zot:1    | Found a shimmering altar of Xom.
 86689 | Zot:1    | Cast into level 5 of the Abyss (the power of Zot)
 86689 | Abyss:5  | Entered Level 5 of the Abyss
 86884 | Abyss:5  | Paralysed by accursed screaming for 1 turns
 86917 | Abyss:5  | Received a gift from Trog
 86961 | Abyss:5  | Found a corrupted altar of Lugonu.
 87100 | Abyss:5  | Paralysed by accursed screaming for 1 turns
 87106 | Abyss:5  | Paralysed by accursed screaming for 1 turns
 87111 | Abyss:5  | Paralysed by accursed screaming for 1 turns
 87118 | Zot:1    | Escaped the Abyss
 87326 | Zot:1    | Reached skill level 27 in Long Blades
 88583 | Zot:2    | Received a gift from Trog
 90367 | Zot:3    | Received a gift from Trog
 90415 | Zot:4    | Noticed Tiamat
 92065 | Zot:3    | Killed Tiamat
 93914 | Zot:4    | Received a gift from Trog
 94151 | Zot:4    | Gained mutation: Your mind is very acute. (Int +4) [potion of beneficial mutation]
 94685 | Zot:5    | Entered Level 5 of the Realm of Zot
 94813 | Zot:5    | Reached skill level 15 in Armour
 95221 | Zot:5    | Noticed an ancient lich
 95223 | Zot:5    | Noticed an orb of fire
 95235 | Zot:5    | Gained mutation: You expend magic power (3 MP) to strengthen your wands. [an orb of fire]
 95241 | Zot:5    | Killed an orb of fire
 95253 | Zot:5    | Killed an ancient lich
 95307 | Zot:5    | Noticed an ancient lich
 95320 | Zot:5    | Killed an ancient lich
 95336 | Zot:5    | Noticed an ancient lich
 95341 | Zot:5    | Killed an ancient lich
 95741 | Zot:5    | Noticed an orb of fire
 95755 | Zot:5    | Killed an orb of fire
 95775 | Zot:5    | Noticed an ancient lich
 95775 | Zot:5    | Noticed an ancient lich
 96137 | Zot:5    | Killed an ancient lich
 96201 | Zot:5    | Killed an ancient lich
 96227 | Zot:5    | Received a gift from Trog
 96240 | Zot:5    | Noticed an orb of fire
 96257 | Zot:4    | Gained mutation: Your spells are a little easier to cast, but a little less powerful. [an orb of fire]
 96261 | Zot:4    | Gained mutation: You occasionally shout uncontrollably at your foes. [an orb of fire]
 96265 | Zot:4    | Killed an orb of fire
 96528 | Zot:5    | Noticed an ancient lich
 96543 | Zot:5    | Killed an ancient lich
 96998 | Zot:5    | Noticed an ancient lich
 97000 | Zot:5    | Noticed an orb of fire
 97452 | Zot:5    | Gained mutation: You are frail (-10% HP). [an orb of fire]
 97461 | Zot:5    | Killed an orb of fire
 97498 | Zot:5    | Killed an ancient lich
 97707 | Zot:5    | Received a gift from Trog
 97753 | Zot:5    | Got the Orb of Zot
 97839 | Zot:3    | Noticed Tuastiowk the pandemonium lord
 98137 | D:9      | Noticed a seraph
 98425 | D:$      | Escaped with the Orb!

Skill      XL: |  1  2  3  4  5  6  7  8  9 10 11 12 13 14 15 16 17 18 19 20 21 22 23 24 25 26 27 |
---------------+----------------------------------------------------------------------------------+-----
Long Blades    | 3 4 6 7 9 10 11 12 13 14 15 17 18 20 21 22 23 24 25 26 27 | 27.0
Dodging        | 3 4 5 6 7 8 9 10 11 12 13 | 13.0
Fighting       | 4 5 7 8 9 10 11 12 13 14 15 16 17 18 20 | 20.9
Armour         | 2 3 5 6 7 8 9 10 11 12 13 14 15 | 15.7
Shields        | 3 6 8 10 12 14 15 16 17 18 19 20 25 | 25.0
Slings         | 1 2 |  2.3
Throwing       | 1 |  1.7
Unarmed Combat | 1 |  1.3
Evocations     | 2 4 6 8 9 10 11 12 13 15 18 | 18.0

Action                   |  1- 3 |  4- 6 |  7- 9 | 10-12 | 13-15 | 16-18 | 19-21 | 22-24 | 25-27 || total
-------------------------+-------+-------+-------+-------+-------+-------+-------+-------+-------++-------
Melee: Falchion          |    83 |    33 |       |    36 |       |       |       |       |       ||   152
       Long sword        |       |   117 |   342 |       |       |       |       |       |       ||   459
       Kick              |       |    36 |   153 |   332 |    48 |   640 |  1195 |  1369 |  2049 ||  5822
       Demon blade       |       |       |   214 |  1010 |  1150 |  1781 |  2421 |  1015 |  3404 || 10995
       Scimitar          |       |       |       |       |    69 |    33 |   162 |       |   130 ||   394
       Double sword      |       |       |       |       |       |       |    63 |  1331 |       ||  1394
 Fire: Hunting sling     |       |       |       |       |    21 |       |       |       |       ||    21
       Greatsling        |       |       |       |       |       |     3 |    33 |     2 |     3 ||    41
Throw: Javelin           |       |       |       |     8 |     1 |       |       |       |       ||     9
Invok: Berserk           |     3 |     5 |    11 |    16 |     2 |    11 |     4 |     7 |    16 ||    75
       Trog's Hand       |       |       |     1 |     1 |     1 |     3 |    11 |     8 |    15 ||    40
       Burn Spellbooks   |       |       |     1 |     2 |     2 |     8 |     5 |     5 |     6 ||    29
       Brothers in Arms  |       |       |       |     1 |       |       |     1 |     2 |     3 ||     7
Evoke: Wand              |       |       |       |     6 |       |       |    11 |       |     9 ||    26
       Lamp of fire      |       |       |       |       |       |       |     2 |       |       ||     2
  Use: Scroll            |       |       |    12 |     9 |    25 |     7 |     9 |    14 |    30 ||   106
       Potion            |       |       |       |     2 |     2 |       |     5 |    12 |     9 ||    30
 Stab: Sleeping          |     1 |       |       |       |       |       |       |       |       ||     1
       Distracted        |       |       |     1 |     1 |     1 |     4 |     4 |    17 |    14 ||    42
       Confused          |       |       |       |       |     1 |       |       |       |     3 ||     4
       Held in net/web   |       |       |       |       |       |     1 |       |       |       ||     1
  Eat: Chunk             |     3 |    12 |    29 |    32 |    22 |    32 |    32 |    10 |    44 ||   216
       Beef jerky        |       |       |     2 |     3 |     4 |     2 |       |     2 |     4 ||    17
       Fruit             |       |       |       |     8 |     6 |     1 |     3 |     3 |       ||    21
       Royal jelly       |       |       |       |     1 |       |     6 |    10 |       |       ||    17
       Pizza             |       |       |       |     4 |     3 |     5 |       |     1 |     1 ||    14
       Bread ration      |       |       |       |       |       |       |     3 |     9 |    12 ||    24
Armor: Animal skin       |    32 |       |       |       |       |       |       |       |       ||    32
       Scale mail        |     1 |    28 |       |       |       |       |       |       |       ||    29
       Chain mail        |       |    52 |   330 |   370 |   263 |   278 |   348 |   153 |       ||  1794
       Plate armour      |       |       |       |       |       |       |       |   288 |   536 ||   824
Dodge: Dodged            |    75 |   104 |   479 |   489 |   488 |   534 |   915 |   655 |  1194 ||  4933
       Deflected         |       |       |       |     6 |    16 |    41 |    91 |    26 |    79 ||   259
Block: Shield            |       |       |       |   453 |   684 |  1121 |  1873 |     4 |       ||  4135
       Reflection        |       |       |       |       |       |   114 |   278 |   122 |   147 ||   661
       Large shield      |       |       |       |       |       |       |   585 |  2499 |  4296 ||  7380
